 Dungeon Crawl Stone Soup version 0.19.1 (console) character file.

155 Jesseh the Skirmisher (level 5, -1/48 HPs)
             Began as a Minotaur Fighter on Nov 24, 2016.
             Was an Initiate of Okawaru.
             Slain by an orc warrior
             ... wielding a +0 mace
              (8 damage)
             ... on level 3 of the Dungeon.
             The game lasted 00:05:17 (1648 turns).

Jesseh the Skirmisher (Minotaur Fighter)            Turns: 1648, Time: 00:05:18

Health: -1/48      AC:  6    Str: 26    XL:     5   Next: 14%
Magic:  4/4        EV:  7    Int:  5    God:    Okawaru [......]
Gold:   109        SH: 10    Dex: 10    Spells: 0 memorised, 4 levels left

rFire  . . .     SeeInvis .     a - +0 war axe
rCold  . . .     Gourm    +     b - +0 scale mail
rNeg   . . .     Faith    .     c - +0 shield
rPois  .         Spirit   .     (helmet restricted)
rElec  .         Reflect  .     (no cloak)
rCorr  .         Harm     .     (no gloves)
MR     .....                    (no boots)
Stlth  ..........               e - amulet of the gourmand
                                (no ring)
                                (no ring)

@: mighty
A: retaliatory headbutt, horns 2
a: Renounce Religion


You were on level 3 of the Dungeon.
You worshipped Okawaru.
Okawaru was noncommittal.
You were completely stuffed.

You visited 1 branch of the dungeon, and saw 3 of its levels.

You collected 109 gold pieces.

Inventory:

Hand Weapons
 a - a +0 war axe (weapon)
 n - a +2 vampiric whip
   (You took it off a kobold on level 2 of the Dungeon)
Missiles
 h - 2 throwing nets
Armour
 b - a +0 scale mail (worn)
 c - a +0 shield (worn)
 i - a +0 cloak
   (You found it on level 2 of the Dungeon)
Jewellery
 e - an amulet of the gourmand (around neck)
   (You found it on level 1 of the Dungeon)
Scrolls
 k - a scroll of recharging {unknown}
 l - a scroll of remove curse {unknown}
 m - a scroll of random uselessness {unknown}
Potions
 g - 2 potions of flight {unknown}
 j - a potion of ambrosia {unknown}
 r - a potion of beneficial mutation {unknown}
Books
 p - a book of Cantrips
   (You found it on level 2 of the Dungeon)
Comestibles
 f - 2 bread rations
 o - 4 chunks of flesh
 q - a meat ration


   Skills:
 + Level 5.5 Fighting
 + Level 4.9 Axes
 - Level 3.6 Armour
 - Level 3.6 Shields


You had 4 spell levels left.
You didn't know any spells.

Dungeon Overview and Level Annotations

Branches:
Dungeon (3/15)

Altars:
Okawaru


Innate Abilities, Weirdness & Mutations

You reflexively headbutt those who attack you in melee.
You have a pair of horns on your head.


Message History

The jackal bites you but does no damage.
Your shield and scale mail prevent you from hitting the jackal.
You headbutt the jackal.
The jackal bites you but does no damage.
You block the jackal's attack.
You slash the jackal!
You kill the jackal!
Okawaru accepts your kill.
No target in view!
You see here a jackal corpse.
You butcher the jackal corpse.
o - 3 chunks of flesh (gained 2)
You see here a jackal skeleton.
You see here a jackal corpse.
You butcher the jackal corpse.
o - 4 chunks of flesh (gained 1)
You see here a jackal skeleton.
You see here 18 sling bullets.
q - a meat ration You see here a jackal skeleton.
There is an escape hatch in the ceiling here.
A bat comes into view.
Found a lumpy golden potion.
Found a stone staircase leading up.
You barely miss the bat. The bat hits you but does no damage. x2
You barely miss the bat. The bat closely misses you.
You block the bat's attack. The bat hits you.
You closely miss the bat. Your headbutt misses the bat.
You block the bat's attack. The bat hits you but does no damage.
You block the bat's attack. The bat hits you but does no damage.
You block the bat's attack.
You see here a lumpy golden potion.
You closely miss the bat. You block the bat's attack.
The bat barely misses you. You block the bat's attack.
The bat hits you but does no damage. The bat hits you but does no damage.
You block the bat's attack.
You closely miss the bat. Your headbutt misses the bat.
The bat hits you but does no damage. The bat barely misses you.
You closely miss the bat. You block the bat's attack.
The bat hits you but does no damage. The bat barely misses you.
You closely miss the bat. The bat closely misses you. You furiously retaliate!
You headbutt the bat.
No target in view!
The bat hits you but does no damage. The bat hits you.
You block the bat's attack. The bat hits you but does no damage.
You block the bat's attack. The bat hits you but does no damage.
The bat hits you but does no damage.
You slash the bat!
You kill the bat!
Okawaru accepts your kill.
No target in view!
r - a lumpy golden potion
Found a stone staircase leading down.
There is a stone staircase leading down here.
A rat comes into view.
A rat is nearby!
You barely miss the rat. You block the rat's attack.
An orc warrior comes into view. It is wielding a mace.
The orc warrior shouts!
You slash the rat!
You kill the rat!
Okawaru accepts your kill. 3 orcs come into view.
An orc is wielding a mace of protection.
The orc shouts! x3
The orc moves out of view.
The orc warrior hits you with a mace.
You closely miss the orc warrior. The orc warrior hits you with a mace!
You barely miss the orc warrior. Your headbutt misses the orc warrior.
You hit the orc. You block the orc warrior's attack.
The orc hits you but does no damage.
The orc throws a tomahawk.
You block the tomahawk.
You hit the orc.
Your shield prevents you from hitting the orc warrior.
You block the orc warrior's attack.
The orc throws a tomahawk.
The tomahawk hits you. The orc closely misses you. You furiously retaliate!
You headbutt the orc. You barely miss the orc. You hit the orc warrior.
The orc warrior hits you with a mace!
The orc throws a tomahawk.
The tomahawk barely misses you. You block the orc's attack.
The orc throws a tomahawk.
You block the tomahawk.
The orc hits you with a mace of protection.
* * * LOW HITPOINT WARNING * * *
You are too injured to fight recklessly!
You are too injured to fight recklessly!
You are too injured to fight recklessly!
You are too injured to fight recklessly!
You are too injured to fight recklessly!
You are too injured to fight recklessly!
The orc warrior barely misses you.
The orc throws a tomahawk.
The tomahawk barely misses you. The orc warrior closely misses you.
The orc warrior hits you with a mace!
* * * LOW HITPOINT WARNING * * *
Okay, then.
You feel very mighty all of a sudden. The orc warrior hits you with a mace!
You die...

..................▒
▒▒.▒▒▒▒.▒.▒▒▒.▒▒▒▒▒
........▒.▒▒▒.▒▒▒
........).......▒
▒▒.▒▒▒▒▒▒.▒▒▒▒▒.▒
▒▒.▒ ▒▒.▒▒ ▒.▒ ...▒
▒<..▒ ▒.▒▒ ▒▒▒▒
▒...▒ ▒.(▒ ▒...▒
▒▒H▒ ▒...▒▒▒▒▒o▒▒
▒▒.....o(ooo▒
............▒.▒
.......(........
...........▒..▒▒
▒▒..............
▒...▒▒▒▒.▒▒....▒
▒.... ▒.▒ ....▒


You could see an orc warrior and 3 orcs.

Vanquished Creatures
  4 gnolls (D:2)
  5 adders (D:2)
  2 worms (D:2)
  3 dart slugs
  A leopard gecko (D:2)
  4 bats
  2 giant cockroaches (D:1)
  8 goblins
  9 hobgoblins
  5 jackals
  A ball python (D:1)
  2 frilled lizards
  7 kobolds
  8 rats
61 creatures vanquished.

Vanquished Creatures (others)
  4 toadstools (D:1)
4 creatures vanquished.

Grand Total: 65 creatures vanquished

Notes
Turn   | Place    | Note
-------+----------+-------------------------------------------
     0 | D:1      | Jesseh the Minotaur Fighter began the quest for the Orb.
     0 | D:1      | Reached XP level 1. HP: 19/19 MP: 0/0
   193 | D:1      | Reached skill level 3 in Axes
   239 | D:1      | Reached XP level 2. HP: 27/27 MP: 1/1
   266 | D:1      | Reached skill level 4 in Fighting
   532 | D:2      | Reached XP level 3. HP: 31/33 MP: 2/2
   890 | D:2      | Reached skill level 4 in Axes
   921 | D:2      | Reached XP level 4. HP: 27/41 MP: 3/3
   965 | D:2      | Found an iron altar of Okawaru.
  1078 | D:2      | Reached skill level 5 in Fighting
  1122 | D:2      | Reached XP level 5. HP: 19/48 MP: 4/4
  1377 | D:2      | Became a worshipper of Warmaster Okawaru
  1632 | D:3      | Noticed an orc warrior
  1647 | D:3      | HP: 7/48 [orc warrior/mace (11)]
  1648 | D:3      | Slain by an orc warrior

Skill      XL: |  1  2  3  4 |
---------------+-------------+-----
Axes           | 3 4 |  4.9
Fighting       | 4 5 |  5.5
Armour         | |  3.6
Shields        | |  3.6

Action                   |  1- 3 |  4- 6 || total
-------------------------+-------+-------++-------
Melee: War axe           |    82 |    74 ||   156
       Headbutt          |     5 |     9 ||    14
  Use: Potion            |       |     1 ||     1
  Eat: Chunk             |    16 |     2 ||    18
Armor: Scale mail        |    36 |    39 ||    75
Dodge: Dodged            |    24 |    29 ||    53
Block: Shield            |    58 |    53 ||   111

Vault maps used:
D:1:      ldierk_water_garden
D:2:      lemuel_round_altar, first_bread
D:3:      vehumet_crystals, serial_park_tiny_pond

Table legend:
 A = Turns spent in this place as a percentage of turns spent in the entire game.
 B = Non-inter-level travel turns spent in this place as a percentage of non-inter-level travel turns spent in the entire game.
 C = Inter-level travel turns spent in this place as a percentage of turns spent in this place.
 D = Turns resting spent in this place as a percentage of non-inter-level travel turns spent in this place.
 E = Turns spent auto-exploring this place as a percentage of non-inter-level travel turns spent in this place.
 F = Non-inter-level travel turns spent in this place divided by the number of levels of this place that you've seen.
                   A       B       C       D       E      F
               +-------+-------+-------+-------+-------+----------------------
         Total | 100.0 | 100.0 |   0.4 |   0.7 |   9.0 | 188.3
       Dungeon | 100.0 | 100.0 |   0.4 |   0.7 |   9.0 | 188.3
               +-------+-------+-------+-------+-------+----------------------

Table legend:
 A = Kills in this place as a percentage of kills in entire the game.
 B = Kills by you in this place as a percentage of kills by you in the entire game.
 C = Kills by friends in this place as a percentage of kills by friends in the entire game.
 D = Other kills in this place as a percentage of other kills in the entire game.
 E = Experience gained in this place as a percentage of experience gained in the entire game.
 F = Experience gained in this place divided by the number of levels of this place that you have seen.
                   A       B       C       D       E      F
               +-------+-------+-------+-------+-------+----------------------
         Total | 100.0 | 100.0 |  -nan |  -nan | 100.0 |  74.0
       Dungeon | 100.0 | 100.0 |  -nan |  -nan | 100.0 |  74.0
               +-------+-------+-------+-------+-------+----------------------
